 Dungeon Crawl Stone Soup version 0.23.1-37-gaa34b87 (webtiles) character file.

Game seed: 4094595972735707102

165 Fang the Skirmisher (level 5, -3/33 HPs)
             Began as a Gargoyle Berserker on Mar 27, 2019.
             Was a Believer of Trog.
             Killed from afar by an orc wizard (8 damage)
             ... with a magic dart
             ... on level 3 of the Dungeon.
             The game lasted 00:02:23 (2493 turns).

Fang the Skirmisher (Gargoyle Berserker)            Turns: 2493, Time: 00:02:24

Health: -3/33      AC:  6    Str: 21    XL:     5   Next: 46%
Magic:  5/5        EV: 12    Int:  8    God:    Trog [**....]
Gold:   107        SH:  0    Dex:  9    Spells: 4/4 levels left

rFire    . . .     SeeInvis .   a - +0 hand axe
rCold    . . .     Gourm    .   (no shield)
rNeg     + . .     Faith    .   b - +0 animal skin
rPois    ∞         Spirit   .   (no helmet)
rElec    +         Reflect  .   (no cloak)
rCorr    +         Harm     .   (no gloves)
MR       .....                  (no boots)
Stlth    +.........             h - amulet of magic regeneration
HPRegen  0.11/turn              i - ring of resist corrosion
MPRegen  0.34/turn              (no ring)

@: berserk cooldown, slowed, very slow
A: negative energy resistance 1, electricity resistance, unbreathing,
petrification resistance, rot immunity, AC +4
a: Berserk, Trog's Hand, Renounce Religion


You were on level 3 of the Dungeon.
You worshipped Trog.
Trog was pleased with you.
You were very hungry.

You visited 1 branch of the dungeon, and saw 3 of its levels.

You collected 107 gold pieces.

Inventory:

Hand Weapons
 a - a +0 hand axe (weapon)
Armour
 b - a +0 animal skin (worn)
Jewellery
 h - an amulet of magic regeneration (around neck)
 i - a ring of resist corrosion (left hand)
Scrolls
 f - a scroll of magic mapping {unknown}
 g - 2 scrolls of identify {unknown}
 k - a scroll of amnesia {unknown}
 n - a scroll of remove curse {unknown}
 o - a scroll of blinking {unknown}
Potions
 e - 2 potions of agility {unknown}
 j - a potion of curing {unknown}
 l - 2 potions of haste {unknown}
 m - 2 potions of brilliance {unknown}
Comestibles
 c - 3 rations


   Skills:
 + Level 4.3 Fighting
 + Level 3.6 Axes
 + Level 3.4 Armour
 + Level 2.6 Dodging


You had 4 spell levels left.
You didn't know any spells.
Your spell library was empty.

Dungeon Overview and Level Annotations

Branches:
Dungeon (3/15)

Altars:


Innate Abilities, Weirdness & Mutations

You are resistant to torment.
Your stone body is resilient. (AC +4)
You are immune to poison.
You resist negative energy. (rN+)
You are resistant to electric shocks. (rElec)
You can survive without breathing.
You are immune to petrification.
You are immune to rotting.


Message History

The magic dart hits you!
* * * LOW HITPOINT WARNING * * *
The orc wizard hits you but does no damage.
The orc wizard closely misses you.
You closely miss the orc wizard.
The orc wizard is severely wounded.
The orc wizard barely misses you.
The orc wizard hits you but does no damage.
You hit the orc wizard.
The orc wizard is severely wounded.
The orc wizard casts a spell.
The orc wizard blinks!
The orc wizard barely misses you.
The orc wizard hits you with a +0 dagger.
* * * LOW HITPOINT WARNING * * *
The orc wizard completely misses you.
The orc wizard hits you with a +0 dagger.
* * * LOW HITPOINT WARNING * * *
The orc wizard casts a spell at you. The magic dart hits you!
You die...

####..#####...#.####>##.
.........# #.........###
......#.###..#.###..# #
#....#.............#
#..##..##..##.##.##
#..#..)##.....##.#
...###......###.#..##.#
.......)....# #>#..##.#
......#..@..###.#..##.#
..... ##..............#
.... ##o..#####......
##. #....## ###### #
#.....# #............#
###....##....# #...#
#...# #..# #..#


You could see an orc wizard.

Vanquished Creatures
  An orc wizard (D:3)
  Crazy Yiuf (D:2)
  A gnoll (D:1)
  3 adders
  3 dart slugs
  2 leopard geckos
  5 orcs (D:3)
  2 ball pythons (D:1)
  9 bats
  5 giant cockroaches
  3 goblins
  3 hobgoblins
  6 jackals
  6 kobolds
  2 quokkas (D:2)
  6 rats
58 creatures vanquished.

Notes
Turn   | Place    | Note
-------+----------+-------------------------------------------
     0 | D:1      | Fang the Gargoyle Berserker began the quest for the Orb.
     0 | D:1      | Reached XP level 1. HP: 14/14 MP: 1/1
   390 | D:1      | Reached XP level 2. HP: 19/19 MP: 2/2
   837 | D:1      | Reached XP level 3. HP: 14/23 MP: 3/3
  1271 | D:2      | Reached ** piety under Trog
  1525 | D:2      | Reached XP level 4. HP: 29/29 MP: 4/4
  1829 | D:2      | Found a runed translucent door.
  1830 | D:2      | Noticed Crazy Yiuf
  1870 | D:2      | Reached skill level 4 in Fighting
  2036 | D:2      | Killed Crazy Yiuf
  2256 | D:3      | Reached XP level 5. HP: 24/33 MP: 5/5
  2493 | D:3      | Killed from afar by an orc wizard

Skill      XL: |  1  2  3  4 |
---------------+-------------+-----
Axes           | 3 |  3.6
Dodging        | 2 |  2.6
Armour         | 3 |  3.4
Fighting       | 4 |  4.3

Action                   |  1- 3 |  4- 6 || total
-------------------------+-------+-------++-------
Melee: Hand axe          |    98 |    84 ||   182
Invok: Berserk           |       |     3 ||     3
       Trog's Hand       |       |     1 ||     1
  Eat: Chunk             |     2 |     5 ||     7
Armor: Animal skin       |    47 |    42 ||    89
Dodge: Dodged            |    79 |    80 ||   159
